 Dungeon Crawl Stone Soup version 0.22-a0-603-gfc1114d (webtiles) character file.

179 Mamutox the Chopper (level 5, -2/47 HPs)
             Began as a Minotaur Monk on July 7, 2018.
             Killed from afar by an orc wizard (10 damage)
             ... with a magic dart
             ... on level 3 of the Dungeon.
             The game lasted 00:04:26 (2177 turns).

Mamutox the Chopper (Minotaur Monk)                 Turns: 2177, Time: 00:04:27

Health: -2/47      AC:  2    Str: 15    XL:     5   Next: 33%
Magic:  4/4        EV: 14    Int:  7    God:
Gold:   207        SH:  0    Dex: 14    Spells: 4/4 levels left

rFire    . . .     SeeInvis .   a - +1 hand axe
rCold    . . .     Gourm    .   (no shield)
rNeg     . . .     Faith    .   b - +0 robe
rPois    .         Spirit   .   (helmet restricted)
rElec    .         Reflect  .   (no cloak)
rCorr    .         Harm     .   (no gloves)
MR       .....                  (no boots)
Stlth    ++........             (no amulet)
HPRegen  0.15/turn              (no ring)
MPRegen  0.09/turn              (no ring)

@: no status effects
A: retaliatory headbutt, horns 2
a: no special abilities


You were on level 3 of the Dungeon.
You were very hungry.

You visited 1 branch of the dungeon, and saw 3 of its levels.

You collected 207 gold pieces.

Inventory:

Hand Weapons
 a - a +1 hand axe (weapon)
Missiles
 g - 3 javelins (quivered)
Armour
 b - a +0 robe (worn)
Scrolls
 d - 2 scrolls of identify
 e - 3 scrolls of enchant weapon
 f - a scroll of remove curse
 h - a scroll of fog {unknown}
 n - a scroll of enchant armour {unknown}
 o - a scroll of blinking {unknown}
 p - a scroll of immolation {unknown}
 r - a scroll of teleportation {unknown}
Potions
 i - a potion of invisibility
 j - a potion of agility {unknown}
 l - 2 potions of ambrosia {unknown}
 m - 2 potions of curing {unknown}
 q - a potion of berserk rage {unknown}
Comestibles
 c - 8 rations


   Skills:
 + Level 4.7 Fighting
 + Level 5.1 Axes
 + Level 4.3 Dodging
 + Level 2.6 Stealth


You had 4 spell levels left.
You didn't know any spells.
Your spell library was empty.

Dungeon Overview and Level Annotations

Branches:
Dungeon (3/15)

Altars:
Qazlal


Innate Abilities, Weirdness & Mutations

You reflexively headbutt those who attack you in melee.
You have a pair of horns on your head.


Message History

* * * LOW HITPOINT WARNING * * *
You barely miss the orc priest.
The orc priest is almost dead.
The orc priest hits you but does no damage.
You hit the orc priest.
You kill the orc priest!
You closely miss the orc wizard.
The orc wizard is moderately wounded.
The orc wizard hits you with a dagger.
* * * LOW HITPOINT WARNING * * *
You hit the orc wizard.
You headbutt the orc wizard, but do no damage.
The orc wizard is heavily wounded.
The orc wizard hits you with a dagger.
* * * LOW HITPOINT WARNING * * *
You hit the orc wizard.
The orc wizard is severely wounded.
The orc wizard casts a spell at you. The magic dart hits you!
You die...

#.....# #.##.#
##....######.##.#
##.#.##<.......#
##.###.#.##.###.####
#...........# #.#
.#####.#.######.#
#.#........#
#.########## #@#
#####o## #...)..#
#.###..# .....
#....## .....#
#.....# ......#


You could see an orc wizard.

Vanquished Creatures
  2 orc priests (D:3)
  An orc wizard (D:3)
  2 adders
  A worm (D:2)
  2 leopard geckos
  5 orcs (D:3)
  8 goblins
  9 hobgoblins
  6 jackals
  7 kobolds
  A quokka (D:2)
  A ball python (D:1)
  5 bats
  3 frilled lizards
  10 rats
63 creatures vanquished.

Notes
Turn   | Place    | Note
-------+----------+-------------------------------------------
     0 | D:1      | Mamutox the Minotaur Monk began the quest for the Orb.
     0 | D:1      | Reached XP level 1. HP: 19/19 MP: 0/0
   131 | D:1      | Reached skill level 4 in Axes
   178 | D:1      | Reached XP level 2. HP: 19/27 MP: 1/1
   629 | D:1      | Reached XP level 3. HP: 21/33 MP: 2/2
  1459 | D:2      | Found a stormy altar of Qazlal.
  1523 | D:2      | Reached XP level 4. HP: 37/40 MP: 3/3
  1794 | D:3      | Reached XP level 5. HP: 8/47 MP: 4/4
  2153 | D:3      | Reached skill level 5 in Axes
  2177 | D:3      | Killed from afar by an orc wizard

Vault maps used:
D:1:      lemuel_arrival_hallway, serial_bayou_pond_d, minmay_pentomino_r2
D:2:      grunt_qazlal_sundering, first_ration

Skill      XL: |  1  2  3  4  5 |
---------------+----------------+-----
Axes           | 4 5 |  5.1
Stealth        | 2 |  2.6
Fighting       | 4 |  4.7
Dodging        | 4 |  4.3

Action                   |  1- 3 |  4- 6 || total
-------------------------+-------+-------++-------
Melee: Hand axe          |    88 |    44 ||   132
       Headbutt          |    13 |     9 ||    22
Throw: Javelin           |     2 |       ||     2
  Use: Scroll            |       |     3 ||     3
 Stab: Sleeping          |     7 |     1 ||     8
  Eat: Chunk             |     2 |     1 ||     3
Armor: Robe              |    11 |     3 ||    14
Dodge: Dodged            |    72 |    26 ||    98

Table legend:
 A = Spawn XP
 B = Non-spawn XP
 C = Spawn XP percentage of total XP
 D = Spawn monster count
 E = Non-spawn monster count
 F = Spawn count percentage of total count
 G = Total turns spent on level
                    A         B        C        D         E        F      G
               +---------+---------+-------+---------+---------+-------+---------
         Total |       0 |     257 |   0.0 |       0 |      63 |   0.0 |  2177
               +---------+---------+-------+---------+---------+-------+---------
           D:1 |       0 |      58 |   0.0 |       0 |      35 |   0.0 |  1079
           D:2 |       0 |      41 |   0.0 |       0 |      16 |   0.0 |   668
           D:3 |       0 |     158 |   0.0 |       0 |      12 |   0.0 |   430
               +---------+---------+-------+---------+---------+-------+---------
